AoeStats
← JaggedJimmyJay

MegaRandom

506079219Analyzed
1v1 RM · 21d ago on Sep 12, 2026· 61m 38s· 2 players
Game mode
Random Map
Map size
Tiny (2 player)
Population
200
Speed
Normal
Resources
Standard
Victory
Conquest
Starting age
Dark Age
Ending age
Imperial Age
RankedLock teamsTeams togetherTeam positionsShared explorationLock speedFull tech treeHidden civsTurbo modeCheats
Victory
Defeat
🇹🇼 Mongols · Taiwan
1048
+15
🇺🇸 Bulgarians · United States
1032
-15
JaggedJimmyJay
4:22 Loom
10:06 Feudal Age
10:41 Double-Bit Axe
12:54 Arson
21:14 Town Watch
26:42 Castle Age
26:15 Gold Mining
26:17 Stone Mining
28:10 Scale Barding Armor
31:43 Fletching
40:47 Bodkin Arrow
44:11 Elite Skirmisher
49:53 Bow Saw
54:59 Imperial Age
56:11 Pikeman
CC
8:33 Loom
11:11 Feudal Age
11:24 Man-at-Arms
12:07 Double-Bit Axe
12:55 Arson
18:28 Horse Collar
25:35 Castle Age
24:46 Padded Archer Armor
24:49 Stone Mining
26:29 Thumb Ring
26:19 Fletching
26:00 Crossbowman
30:23 Bodkin Arrow
32:41 Wheelbarrow
33:17 Pikeman
33:57 Squires
43:32 Imperial Age
43:53 Bloodlines
54:49 Scale Barding Armor
54:51 Husbandry
56:40 Scale Mail Armor
57:01 Chain Barding Armor
Connection lost

Rejoining the realm…

Still unreachable

The connection could not be restored.

Session expired

The server has moved on; the page needs a fresh start.